 Dungeon Crawl Stone Soup version 0.30.1-3-gfc49f6343a (webtiles) character file.

Game seed: 10873162076097340726

9258 Peloso the Basher (level 11, -11/99 HPs)
             Began as a Minotaur Fighter on Aug 5, 2023.
             Was a High Priest of Okawaru.
             Mangled by a two-headed ogre
             ... wielding a +0 giant spiked club
              (14 damage)
             ... on level 9 of the Dungeon.
             The game lasted 00:22:07 (9105 turns).

Peloso the Basher (Minotaur Fighter)                Turns: 9105, Time: 00:22:08

Health: -11/99     AC: 25    Str: 23    XL:     11   Next: 20%
Magic:  10/10      EV:  7    Int:  5    God:    Okawaru [*****.]
Gold:   635        SH:  5    Dex: 12    Spells: 10/10 levels left

rFire   . . .        a - +0 scimitar (flame)
rCold   . . .        d - +0 buckler
rNeg    . . .        j - +0 plate armour
rPois   +            g - +2 hat
rElec   .            t - +1 cloak
rCorr   .            o - +1 pair of gloves
SInv    .            (no boots)
Will    .....        (no amulet) Stlth
                     e - +4 ring of protection
HPRegen 0.36/turn    h - ring of poison resistance
MPRegen 0.12/turn

%: no passive effects
@: no status effects
A: horns 2, retaliatory headbutt
a: Renounce Religion, Heroism, Finesse, Duel


You were on level 9 of the Dungeon.
You worshipped Okawaru.
Okawaru was extremely pleased with you.
You visited 2 branches of the dungeon, and saw 10 of its levels.
You also visited: Bailey.

You collected 635 gold pieces.

Inventory:

Hand Weapons
 a - a +0 scimitar of flaming (weapon)
 b - the +5 flail "Xular" {venom, rPois rC- rN+}
   (You took it off a kobold on level 2 of the Dungeon)

   rC:        It makes you vulnerable to cold.
   rPois:     It protects you from poison.
   rN:        It protects you from negative energy.
Missiles
 y - a throwing net (quivered)
Armour
 c - a +0 chain mail
 d - a +0 buckler (worn)
 g - a +2 hat (worn)
 j - a +0 plate armour (worn)
 o - a +1 pair of gloves (worn)
 t - a +1 cloak (worn)
Jewellery
 e - a +4 ring of protection (left hand)
 h - a ring of poison resistance (right hand)
Wands
 q - a wand of paralysis (26)
 s - a wand of flame (24)
 F - a wand of polymorph (12)
Scrolls
 k - 2 scrolls of amnesia
 l - a scroll of immolation {unknown}
 n - 2 scrolls of teleportation
 r - a scroll of fog {unknown}
 A - a scroll of poison {unknown}
 B - a scroll of acquirement {unknown}
 D - 5 scrolls of enchant weapon
 E - a scroll of torment {unknown}
 G - a scroll of butterflies {unknown}
Potions
 f - 5 potions of might
 i - 6 potions of curing
 m - 2 potions of mutation
 p - a potion of brilliance
 u - a potion of flight {unknown}
 v - 3 potions of resistance
 w - a potion of haste {unknown}
 x - a potion of heal wounds {unknown}
 z - a potion of invisibility
 C - a potion of ambrosia {unknown}


   Skills:
 + Level 9.9 Fighting
 + Level 6.9 Long Blades
 + Level 13.1 Maces & Flails
 + Level 9.7 Armour
 + Level 1.5 Dodging
 + Level 1.4 Stealth
 + Level 7.5 Shields
 + Level 1.1 Invocations
 + Level 0.6 Evocations


You had 10 spell levels left.
You didn't know any spells.
Your spell library contained the following spells:

 Spells                   Type           Power      Damage    Failure   Level
 Apportation              Tloc           0%         N/A       100%        1
 Beastly Appendage        Tmut           0%         N/A       100%        1
 Magic Dart               Conj           0%         1d3       100%        1
 Necrotise                Necr           0%         1d4       100%        1
 Cigotuvi's Dreadful Rot  Necr/Pois/Air  0%         N/A       100%        2
 Ensorcelled Hibernation  Hex/Ice        0%         N/A       100%        2
 Wereblood                Tmut           0%         N/A       100%        2
 Mephitic Cloud           Conj/Pois/Air  0%         N/A       100%        3
 Spider Form              Tmut/Pois      0%         N/A       100%        3
 Anguish                  Hex/Necr       0%         N/A       100%        4
 Dispel Undead            Necr           0%         3d6       100%        4
 Summon Small Mammal      Summ           Unusable   N/A       N/A         1
 Call Imp                 Summ           Unusable   N/A       N/A         2
 Death Channel            Necr           Unusable   N/A       N/A         6

Dungeon Overview and Level Annotations

Branches:
Dungeon (9/15)             Temple (1/1) D:5          Bailey (visited)
   Lair: D:8-11         Orc: D:9-12

Altars:
Ashenzari
Cheibriados
Dithmenos
Elyvilon
Gozag
Hepliaklqana
Kikubaaqudgha
Makhleb
Nemelex Xobeh
Okawaru
Qazlal
Ru
Sif Muna
Trog
Uskayaw
Vehumet
Wu Jian
Xom
Yredelemnul
Zin
The Shining One

Shops:
D:2 (


Innate Abilities, Weirdness & Mutations

You have a pair of horns on your head.
You reflexively headbutt those who attack you in melee.


Message History

You headbutt the two-headed ogre!
The two-headed ogre is moderately wounded.
You block the two-headed ogre's attack.
The two-headed ogre hits you but does no damage.
You slash the two-headed ogre! You burn the two-headed ogre.
You headbutt the two-headed ogre.
The two-headed ogre is severely wounded.
The two-headed ogre barely misses you.
The two-headed ogre hits you with a +0 giant spiked club!!
You hit the two-headed ogre but do no damage.
You headbutt the two-headed ogre, but do no damage.
The two-headed ogre is severely wounded.
The two-headed ogre hits you with a +0 giant spiked club.
The two-headed ogre hits you with a +0 giant spiked club!!
You barely miss the two-headed ogre.
The two-headed ogre is severely wounded.
You hit the two-headed ogre. You burn the two-headed ogre.
You headbutt the two-headed ogre, but do no damage.
The two-headed ogre is severely wounded.
The two-headed ogre hits you with a +0 giant spiked club!
The two-headed ogre barely misses you.
You hit the two-headed ogre. You burn the two-headed ogre.
You headbutt the two-headed ogre.
The two-headed ogre is almost dead.
The two-headed ogre hits you with a +0 giant spiked club. x2
You barely miss the two-headed ogre.
Your headbutt misses the two-headed ogre.
The two-headed ogre is almost dead.
You completely miss the two-headed ogre.
The two-headed ogre is almost dead.
The two-headed ogre hits you with a +0 giant spiked club!!
* * * LOW HITPOINT WARNING * * *
The two-headed ogre hits you with a +0 giant spiked club.
* * * LOW HITPOINT WARNING * * *
You barely miss the two-headed ogre.
The two-headed ogre is almost dead.
The two-headed ogre hits you with a +0 giant spiked club!
* * * LOW HITPOINT WARNING * * *
The two-headed ogre hits you with a +0 giant spiked club!
You die...

#.# #..~≈~~~~~.##.........#.#
#.# #..≈#####≈....##......#.#
#.# #..~#)..#~.#.###......#..
#.# ##..~#.∩..~...# #....#.###
#.###...≈#...#≈.#####....#..##
#.......≈#####~.....#....#..##
#.#####.~~≈~~~~.....'.......##
#.# #.............#.......##
#.# ######.@..............##
#.# ##O#.............)) #.#
#.#.####.####.###) #.# #.#.#
#......# #. #.. ..#. ########
## ###+###### # #........#
#........# #........#


You could see a two-headed ogre.

Vanquished Creatures
  A two-headed ogre (D:7)
  Erica (D:8)
  Pikel (D:7)
  A kobold demonologist (D:7)
  A hornet (D:8)
  A shadow (D:9)
  4 yaks (D:9)
  5 water moccasins
  18 orc warriors
  A sky beast (D:7)
  An ice beast (D:8)
  3 ogres
  14 centaurs
  A lemure (D:7)
  2 kobold brigands
  3 bullfrogs
  2 gnoll sergeants (D:9)
  A scorpion (D:5)
  8 wights
  4 killer bees (D:8)
  3 howler monkeys
  4 hounds
  6 orc priests
  3 gnoll boudas
  7 jellies
  An iguana (D:6)
  2 sleepcaps
  Terence (D:2)
  12 orc wizards
  20 gnolls
  10 adders
  3 shadow imps
  An ufetubus (D:5)
  A worm (D:5)
  4 dart slugs
  43 orcs
  5 ball pythons
  3 bats
  2 endoplasms
  3 giant cockroaches
  12 goblins
  9 hobgoblins
  A jackal (D:4)
  19 kobolds
  4 quokkas
  3 frilled lizards
  A goblin skeleton (D:5)
  A hobgoblin zombie (D:5)
  A kobold skeleton (D:5)
  4 kobold zombies (D:5)
  An orc skeleton (D:5)
  3 orc zombies (D:5)
  4 rats
270 creatures vanquished.

Notes
Turn   | Place    | Note
-------+----------+-------------------------------------------
     0 | D:1      | Peloso the Minotaur Fighter began the quest for the Orb.
     0 | D:1      | Reached XP level 1. HP: 19/19 MP: 0/0
    38 | D:1      | HP: 1/20 [giant cockroach (1)]
   198 | D:1      | Found a faded altar of an unknown god.
   213 | D:1      | Reached XP level 2. HP: 27/27 MP: 1/1
   594 | D:2      | Reached XP level 3. HP: 33/34 MP: 2/2
   675 | D:2      | Found Hajos's Weapon Emporium.
   765 | D:2      | Noticed Terence
   776 | D:2      | Killed Terence
   777 | D:2      | Reached XP level 4. HP: 21/41 MP: 3/3
   916 | D:2      | Identified the +5 flail "Xular" {venom, rPois rC- rN+}
  2021 | D:4      | Reached skill level 5 in Fighting
  2077 | D:4      | Reached XP level 5. HP: 48/48 MP: 4/4
  2112 | D:4      | Reached skill level 1 in Maces & Flails
  2127 | D:4      | Reached skill level 2 in Maces & Flails
  2175 | D:4      | Noticed an ogre
  2180 | D:4      | Killed an ogre
  2181 | D:4      | Reached skill level 3 in Maces & Flails
  2181 | D:4      | Reached XP level 6. HP: 56/56 MP: 5/5
  2424 | D:4      | Reached skill level 4 in Maces & Flails
  3437 | D:5      | Entered Level 5 of the Dungeon
  3439 | D:5      | Noticed a water moccasin
  3457 | D:4      | Killed a water moccasin
  3458 | D:4      | Reached skill level 5 in Maces & Flails
  3458 | D:4      | Reached XP level 7. HP: 58/62 MP: 6/6
  3498 | D:5      | Found a glowing golden altar of the Shining One.
  3530 | D:5      | Reached skill level 5 in Armour
  3537 | D:5      | Reached skill level 6 in Maces & Flails
  3537 | D:5      | Reached skill level 1 in Dodging
  3626 | D:5      | Found a sparkling altar of Nemelex Xobeh.
  3673 | D:5      | Reached skill level 7 in Maces & Flails
  3673 | D:5      | Reached XP level 8. HP: 49/71 MP: 7/7
  3797 | D:5      | Found a staircase to the Ecumenical Temple.
  3815 | Temple   | Entered the Ecumenical Temple
  3987 | Temple   | Became a worshipper of Warmaster Okawaru
  4178 | D:5      | Found an ornate altar of the Wu Jian Council.
  4399 | D:6      | Reached skill level 8 in Maces & Flails
  4399 | D:6      | Reached skill level 5 in Shields
  4567 | D:6      | Reached * piety under Okawaru
  4826 | D:7      | Reached skill level 9 in Maces & Flails
  4826 | D:7      | Reached skill level 1 in Stealth
  4949 | D:7      | Noticed Pikel
  4959 | D:7      | Killed Pikel
  4959 | D:7      | Reached ** piety under Okawaru
  4960 | D:7      | Reached skill level 10 in Maces & Flails
  4960 | D:7      | Reached XP level 9. HP: 78/79 MP: 8/8
  5408 | D:7      | Noticed a kobold demonologist
  5409 | D:7      | Noticed a two-headed ogre
  5417 | D:7      | Reached *** piety under Okawaru
  5418 | D:7      | Reached skill level 11 in Maces & Flails
  5425 | D:7      | Killed a two-headed ogre
  5455 | D:7      | Killed a kobold demonologist
  5456 | D:7      | Reached skill level 12 in Maces & Flails
  5474 | D:7      | Reached **** piety under Okawaru
  5475 | D:7      | Reached XP level 10. HP: 90/90 MP: 9/9
  6437 | D:8      | Noticed Erica
  6455 | D:8      | Killed Erica
  6455 | D:8      | Reached ***** piety under Okawaru
  6918 | D:9      | Reached skill level 13 in Maces & Flails
  6965 | D:9      | Reached skill level 5 in Long Blades
  7074 | D:9      | Found a radiant altar of Vehumet.
  7236 | D:9      | Found a flagged portal.
  7244 | Bailey   | Entered a bailey
  7629 | Bailey   | Reached XP level 11. HP: 90/99 MP: 10/10
  7793 | Bailey   | Reached skill level 1 in Invocations
  8552 | Bailey   | Identified the +4 spear "Sash" {protect, Str+3 Int+2
                  | Stlth+}
  9096 | D:9      | Noticed a two-headed ogre
  9105 | D:9      | HP: 3/99 [two-headed ogre/+0 giant spiked club (17)]
  9105 | D:9      | Mangled by a two-headed ogre

Illustrated notes

Levels and vault maps discovered:
D:1:      minmay_arrival_doors, layout_basic,
          hellmonk_ecumenical_altar_heavens_door
D:2:      layout_loops_ring, serial_shops, shop, uniq_terence
D:3:      layout_basic, serial_curves, eino_curves_03, eino_curves_03,
          eino_curves_01, eino_curves_04, amethyst_killhole,
          minmay_misc_feat_encased, minmay_unequal
D:4:      layout_layer_cave, minmay_divided_ellipse
D:5:      layout_cave_pools, nicolae_tso_besieged_by_evil,
          gammafunk_temple_overflow_wave, minmay_temple_entry_large_hall,
          minmay_curled_crystal
D:6:      kennysheep_six_static_rooms, layout_cave_pools,
          dreamdust_mushroom_princess
D:7:      minmay_chambers_of_sixes, layout_loops_ring, minmay_diced_spiral,
          uniq_pikel
D:8:      layout_basic, serial_rivers, chequers_serial_rivers_large_a,
          chequers_serial_rivers_small_3, chequers_serial_rivers_room_b,
          chequers_serial_rivers_small_b, uniq_erica
D:9:      layout_basic, nicolae_vehumet_radiance, enter_bailey_3,
          nrook_mini_vaults
Temple:   bh_familiar_temple

Skill      XL: |  1  2  3  4  5  6  7  8  9 10 11 |
---------------+----------------------------------+-----
Fighting       | 4 5 6 7 8 9 |  9.9
Long Blades    | 3 4 6 |  6.9
Armour         | 4 5 7 9 |  9.7
Maces & Flails | 3 5 7 10 12 13 | 13.1
Shields        | 4 5 6 7 |  7.5
Dodging        | 1 |  1.5
Stealth        | 1 |  1.4
Invocations    | 1 |  1.1
Evocations     | |  0.6

Action                     |  1- 3 |  4- 6 |  7- 9 | 10-12 || total
---------------------------+-------+-------+-------+-------++-------
  Melee: Long sword        |    64 |    10 |       |       ||    74
         Headbutt          |     4 |    13 |    43 |    89 ||   149
         Flail             |       |    93 |   197 |    78 ||   368
         Scimitar          |       |       |       |   320 ||   320
 Invoke: Heroism           |       |       |     1 |     4 ||     5
  Evoke: Wand              |       |       |       |    12 ||    12
    Use: Potion            |     5 |       |       |     1 ||     6
         Scroll            |     1 |     3 |     1 |     3 ||     8
 Armour: Scale mail        |    31 |       |       |       ||    31
         Chain mail        |       |    50 |       |       ||    50
         Plate armour      |       |    27 |   132 |   384 ||   543
  Dodge: Dodged            |    31 |    39 |    62 |   182 ||   314
  Block: Buckler           |    13 |    26 |    34 |   139 ||   212
